[Event "Titled Tuesday Blitz December 20 Early 2022"]
[White "Azoulas, Mark"]
[Black "ChessicallyInclined"]
[WhiteFideId "2033208"]
[WhiteElo "2326"]
[BlackElo "2693"]
[Result "0-1"]
[Round "03"]
[TimeControl "180+2"]
[Date "2022.12.20"]
[WhiteClock "0:00:10"]
[BlackClock "0:00:41"]

1. e4 a6 2. d4 e6 3. Nc3 b5 4. g3 Bb7 5. Bg2 Nf6 6. Qe2 c5 7. Be3 cxd4 8. Bxd4 Nc6 9. Be3 Bb4 10. f4 Qa5 11. Bd2 Kd8 12. Nf3 Bxc3 13. Bxc3 b4 14. Bd2 Qb6 15. Be3 Qb5 16. Qxb5 axb5 17. Ng5 Ke8 18. e5 Ng4 19. Bc5 b3 20. cxb3 Na5 21. Bxb7 Nxb7 22. Bb4 f6 23. Ne4 fxe5 24. fxe5 Nxe5 25. O-O Nc6 26. Bc3 Rg8 27. a4 b4 28. Bd2 h6 29. Rf3 Ke7 30. Rd3 Rgf8 31. Rd1 d5 32. Nf2 Nc5 33. Re3 d4 34. Re2 Nxb3 35. Nd3 Rxa4 36. Rde1 Nxd2 37. Rxe6+ Kf7 38. Rxc6 Nf3+ 39. Kf2 Nxe1 40. Kxe1 Ra1+ 41. Kd2 Rh1 42. h4 Rh2+ 43. Kc1 Ra8 44. Kb1 b3 45. Nf4 Rh1+ 46. Rc1 Ra1+ 47. Kxa1 Rxc1# 0-1


[Site "https://www.chess.com"]

[Event "Titled Tuesday Blitz December 20 Early 2022"]
[White "BENO_CHESS"]
[Black "Kirillov-Dmitry"]
[WhiteElo "2706"]
[BlackElo "2444"]
[Result "1-0"]
[Round "03"]
[TimeControl "180+2"]
[Date "2022.12.20"]
[WhiteClock "0:00:43"]
[BlackClock "0:00:01"]

1. e4 c6 2. Nf3 d5 3. Nc3 dxe4 4. Nxe4 Nf6 5. Qe2 Nxe4 6. Qxe4 Nd7 7. d4 Nf6 8. Qf4 g6 9. Bc4 Bg7 10. O-O O-O 11. Re1 Nd5 12. Qh4 h5 13. Bg5 f6 14. Bd2 Bg4 15. Qg3 g5 16. h3 Bf5 17. Nxg5 fxg5 18. Qxg5 e6 19. Qxh5 Qf6 20. c3 Rae8 21. a4 a5 22. Re2 Bg6 23. Qg4 Qf5 24. Qg3 Bh5 25. Re5 Qxf2+ 26. Qxf2 Rxf2 27. Kxf2 Bxe5 28. dxe5 Rf8+ 29. Kg1 Bg6 30. Re1 Bc2 31. Ba2 Nc7 32. c4 Bd3 33. Bxa5 Na6 34. b4 Kf7 35. c5 Nc7 36. Bxc7 Ra8 37. a5 1-0


[Site "https://www.chess.com"]

[Event "Titled Tuesday Blitz December 20 Early 2022"]
[White "BahadirOzen"]
[Black "TokChess"]
[WhiteElo "2853"]
[BlackElo "2504"]
[Result "1-0"]
[Round "03"]
[TimeControl "180+2"]
[Date "2022.12.20"]
[WhiteClock "0:00:44"]
[BlackClock "0:00:18"]

1. g3 d5 2. Nf3 c6 3. Bg2 Nf6 4. O-O Bf5 5. d3 e6 6. Nh4 Bg6 7. Nxg6 hxg6 8. Nd2 Be7 9. e4 O-O 10. Qe2 Nbd7 11. e5 Ne8 12. f4 Nc7 13. Nf3 a5 14. c3 a4 15. Kh1 a3 16. b3 Nb5 17. c4 Nc7 18. Be3 Nc5 19. Rfd1 b5 20. Nd4 Qd7 21. Rac1 Rfc8 22. Qf2 N5a6 23. Nxc6 Qxc6 24. cxd5 Nxd5 25. Rxc6 Rxc6 26. Bxd5 exd5 27. f5 gxf5 28. Qxf5 Nb4 29. Rf1 Rf8 30. Rf2 Re6 31. h4 Nc6 32. d4 Nb4 33. h5 Bd8 34. Kg2 Bb6 35. g4 Nc6 36. Qf4 Nb4 37. Qf3 Nd3 38. Rf1 Nb4 39. g5 Nxa2 40. g6 Re7 41. Bg5 Rd7 42. e6 1-0


[Site "https://www.chess.com"]

[Event "Titled Tuesday Blitz December 20 Early 2022"]
[White "Ball, John D L"]
[Black "Calzadilla De la Cruz, Maray"]
[WhiteFideId "402150"]
[BlackFideId "3509770"]
[WhiteElo "2230"]
[BlackElo "1994"]
[Result "1-0"]
[Round "03"]
[TimeControl "180+2"]
[Date "2022.12.20"]
[WhiteClock "0:00:23"]
[BlackClock "0:00:54"]

1. e4 c5 2. Nf3 d6 3. Nc3 Nf6 4. d4 cxd4 5. Qxd4 Nc6 6. Bb5 Bd7 7. Bxc6 Bxc6 8. Bg5 e6 9. O-O-O Be7 10. Rhe1 Qc7 11. e5 dxe5 12. Nxe5 h6 13. Bf4 Rd8 14. Qxa7 Qc8 15. Nxc6 Qxc6 16. Rxd8+ Bxd8 17. Qa4 Qxa4 18. Nxa4 Ba5 19. c3 Ke7 20. Rd1 Nd5 21. Be5 f6 22. Bd4 Rc8 23. g3 b5 24. Nc5 e5 25. Nb3 Bc7 26. Bxe5 Bxe5 27. Rxd5 b4 28. Rc5 Rxc5 29. Nxc5 bxc3 30. b4 Kd6 31. Kc2 Kc6 32. a4 Bd4 33. f3 f5 34. h3 g5 35. Kd3 Be5 36. g4 fxg4 37. fxg4 Kd5 38. a5 Kc6 39. a6 Kb6 40. Kc2 Bd4 41. Kb3 Bg7 42. b5 Bd4 43. Ne6 Be3 44. Kxc3 Kxb5 45. Kd3 Bg1 46. Ke4 Kxa6 47. Kf5 Kb5 48. Kg6 Kc6 49. Kxh6 Kd6 50. Nxg5 Ke7 51. Kg6 Bf2 52. Nf3 Ke6 53. h4 Kd5 54. h5 Ke4 55. Nd2+ Kf4 56. g5 Be3 57. Nc4 Bd4 58. h6 Kg4 59. h7 Kh4 60. Nd6 Bc3 61. Ne4 Be5 62. Nf6 1-0


[Site "https://www.chess.com"]

[Event "Titled Tuesday Blitz December 20 Early 2022"]
[White "Barbis, Athanasios"]
[Black "bazar-wokzal"]
[WhiteFideId "4215800"]
[WhiteElo "1953"]
[BlackElo "2582"]
[Result "0-1"]
[Round "03"]
[TimeControl "180+2"]
[Date "2022.12.20"]
[WhiteClock "0:00:02"]
[BlackClock "0:02:04"]

1. e4 Nc6 2. Nf3 d5 3. exd5 Qxd5 4. Nc3 Qa5 5. d4 Bg4 6. Be2 O-O-O 7. Be3 Nf6 8. O-O e5 9. Ng5 Bxe2 10. Qxe2 exd4 11. Nxf7 Bb4 12. Nxh8 Rxh8 13. Rad1 Bxc3 14. bxc3 dxe3 15. Qxe3 Re8 16. Qh3+ Kb8 17. Rd3 a6 18. Rfd1 Qxa2 19. R3d2 Qe6 20. Qxe6 Rxe6 21. h3 a5 22. Ra1 Ka7 23. g4 h6 24. f4 Ka6 25. Kf2 Ne4+ 0-1


[Site "https://www.chess.com"]

[Event "Titled Tuesday Blitz December 20 Early 2022"]
[White "Battlecruiser_Operational"]
[Black "Machidon, Cristi"]
[BlackFideId "13904590"]
[WhiteElo "2428"]
[BlackElo "2279"]
[Result "1-0"]
[Round "03"]
[TimeControl "180+2"]
[Date "2022.12.20"]
[WhiteClock "0:01:53"]
[BlackClock "0:00:45"]

1. d4 Nf6 2. c4 d6 3. Nf3 Nbd7 4. Nc3 e5 5. e4 Be7 6. Be2 O-O 7. O-O Re8 8. Re1 c6 9. Bf1 Bf8 10. Bg5 h6 11. Bh4 Qc7 12. h3 Nh5 13. d5 a5 14. Nd2 Nf4 15. f3 Qb6+ 16. Bf2 Qxb2 17. Na4 Qa3 18. Re3 Qb4 19. a3 1-0


[Site "https://www.chess.com"]

[Event "Titled Tuesday Blitz December 20 Early 2022"]
[White "Beca, Rodrigo Martins"]
[Black "Just_Lucky_1"]
[WhiteFideId "1954490"]
[WhiteElo "2976"]
[BlackElo "2484"]
[Result "1-0"]
[Round "03"]
[TimeControl "180+2"]
[Date "2022.12.20"]
[WhiteClock "0:00:13"]
[BlackClock "0:00:01"]

1. e4 c5 2. Nf3 d6 3. d4 cxd4 4. Nxd4 Nf6 5. Nc3 a6 6. Bc4 e6 7. Bb3 Nbd7 8. g4 Nc5 9. Qe2 b5 10. g5 Nfd7 11. h4 Bb7 12. f3 Qc7 13. Be3 Nb6 14. a3 Nxb3 15. cxb3 d5 16. e5 Qxe5 17. f4 Qd6 18. h5 Nd7 19. O-O-O O-O-O 20. Kb1 f6 21. Ncxb5 axb5 22. Rc1+ Kb8 23. Qxb5 Qb6 24. Qxb6 Nxb6 25. Nxe6 d4 26. Rhd1 Be4+ 27. Ka2 Rd6 28. Nxd4 Be7 29. Re1 Bd5 30. Nf5 Re6 31. Bxb6 Rxb6 32. Rxe7 1-0


[Site "https://www.chess.com"]

[Event "Titled Tuesday Blitz December 20 Early 2022"]
[White "Begmuratov, Khumoyun"]
[Black "Sanan_Sjugirov"]
[WhiteFideId "14210207"]
[WhiteElo "2387"]
[BlackElo "2933"]
[Result "0-1"]
[Round "03"]
[TimeControl "180+2"]
[Date "2022.12.20"]
[WhiteClock "0:00:01"]
[BlackClock "0:00:12"]

1. e4 c5 2. Nc3 Nc6 3. Bb5 Nd4 4. Nf3 a6 5. Bd3 g6 6. Nxd4 cxd4 7. Ne2 d5 8. e5 Bg7 9. f4 f6 10. exf6 Nxf6 11. Nxd4 O-O 12. Nf3 Bg4 13. Be2 Qb6 14. d4 Nh5 15. g3 Bxf3 16. Bxf3 Bxd4 17. Bxh5 gxh5 18. Qxh5 e5 19. c3 exf4 20. Qxd5+ Rf7 21. cxd4 Re8+ 22. Kd1 Rd8 23. Qg5+ Rg7 24. Qe5 Rxd4+ 25. Bd2 Qd8 26. Qe6+ Kh8 27. Qe2 f3 28. Qe3 Rd3 29. Qf4 Rd4 30. Qe3 Rxd2+ 31. Qxd2 Rd7 32. Qxd7 Qxd7+ 33. Kc2 Qf5+ 34. Kb3 Qd3+ 35. Ka4 Qc4+ 36. Ka3 b5 37. b3 b4+ 38. Kb2 Qc3+ 39. Kb1 f2 40. Rd1 Qf3 41. Kc2 Qe2+ 42. Rd2 f1=Q 43. Rxf1 Qxf1 44. Rd8+ Kg7 45. Rd7+ Kg6 46. Rd4 Qe2+ 47. Rd2 Qe4+ 48. Kb2 Qe5+ 49. Kc2 Qa1 50. Kd3 Qe1 51. Kc2 a5 52. Rd6+ Kf7 53. Rd2 Qe4+ 54. Kc1 Qh1+ 55. Kc2 Qa1 56. Kd3 Ke6 57. Ke2 Kf5 58. Rc2 Kg4 0-1


[Site "https://www.chess.com"]

[Event "Titled Tuesday Blitz December 20 Early 2022"]
[White "Benecke, Torsten"]
[Black "soumeowstreaming"]
[WhiteFideId "16240995"]
[WhiteElo "1988"]
[BlackElo "2155"]
[Result "1-0"]
[Round "03"]
[TimeControl "180+2"]
[Date "2022.12.20"]
[WhiteClock "0:00:52"]
[BlackClock "0:00:10"]

1. e4 g6 2. d4 Bg7 3. f4 d6 4. Nf3 Nf6 5. Bd3 c5 6. e5 Nd5 7. h4 Qb6 8. h5 Bg4 9. h6 Bf8 10. Qe2 cxd4 11. Bc4 Qc5 12. Nbd2 Ne3 13. Bb3 dxe5 14. Ne4 Qc6 15. Bxe3 Qxe4 16. Bxf7+ Kxf7 17. Ng5+ Ke8 18. Qxg4 Qxe3+ 19. Kd1 d3 20. Qc8# 1-0


[Site "https://www.chess.com"]

[Event "Titled Tuesday Blitz December 20 Early 2022"]
[White "Bensenousi, Isk"]
[Black "dirk_da_player"]
[WhiteFideId "4206010"]
[WhiteElo "2041"]
[BlackElo "2339"]
[Result "1-0"]
[Round "03"]
[TimeControl "180+2"]
[Date "2022.12.20"]
[WhiteClock "0:00:04"]
[BlackClock "0:00:03"]

1. d4 d5 2. c4 c6 3. Nf3 Nf6 4. e3 e6 5. Nc3 Nbd7 6. Qc2 Bd6 7. b3 O-O 8. Be2 b6 9. O-O Bb7 10. Bb2 Qe7 11. Rad1 Rad8 12. Rfe1 Ba3 13. Bf1 Bxb2 14. Qxb2 dxc4 15. bxc4 e5 16. g3 Rfe8 17. Bg2 h6 18. a4 Rb8 19. Qc2 Rbd8 20. Nh4 g6 21. f4 exd4 22. exd4 Qd6 23. Rxe8+ Rxe8 24. Nxg6 fxg6 25. Qxg6+ Kh8 26. Qxh6+ Kg8 27. Qg6+ Kh8 28. Ne4 Qe7 29. Ng5 Rf8 30. Kh1 Nh7 31. h4 Ndf6 32. d5 cxd5 33. cxd5 Qg7 34. Qxg7+ Kxg7 35. Ne6+ Kf7 36. Nxf8 Kxf8 37. Bf3 Ke7 38. g4 Kd6 39. g5 Nxd5 40. Kh2 Ke6 41. f5+ Ke5 42. Bxd5 Bxd5 43. f6 Nf8 44. h5 Bf7 45. g6 Bxg6 46. hxg6 Nxg6 47. f7 Ke6 48. Rd8 Ke7 49. Ra8 a5 50. Ra7+ Kf8 51. Rb7 Ne5 52. Rxb6 Nxf7 53. Rb5 Ke7 54. Rxa5 Nd6 55. Kg3 Nc4 56. Rb5 Kd6 57. Kf4 Kc6 58. Kf3 Nd6 59. Rh5 Nc4 60. Ke4 Nb2 61. a5 Kb7 62. Kd4 Ka6 63. Kc3 Nd1+ 64. Kb4 Nb2 65. Rh6+ Ka7 66. Rd6 Kb7 67. Rd2 Na4 68. Kxa4 1-0


[Site "https://www.chess.com"]

[Event "Titled Tuesday Blitz December 20 Early 2022"]
[White "BetonCarlsen"]
[Black "Gnechko_Ruslan"]
[WhiteElo "2216"]
[BlackElo "2448"]
[Result "0-1"]
[Round "03"]
[TimeControl "180+2"]
[Date "2022.12.20"]
[WhiteClock "0:01:07"]
[BlackClock "0:01:43"]

1. d4 Nf6 2. Nf3 e6 3. c4 b6 4. g3 Ba6 5. Nbd2 Be7 6. Bg2 c6 7. e4 d5 8. e5 Nfd7 9. Qc2 O-O 10. h4 c5 11. Ng5 g6 12. cxd5 exd5 13. Bxd5 Nxe5 14. Bxa8 Nd3+ 15. Kd1 Nxf2+ 16. Ke1 Nd3+ 17. Kd1 Bxg5 18. hxg5 Nf2+ 19. Ke1 Nxh1 20. Bxh1 Qxd4 21. Ne4 Qg1+ 22. Kd2 Rd8+ 23. Kc3 Qd4+ 24. Kb3 Qb4# 0-1


[Site "https://www.chess.com"]

[Event "Titled Tuesday Blitz December 20 Early 2022"]
[White "Boudreaux, Floyd"]
[Black "biostatistician"]
[WhiteFideId "2016370"]
[WhiteElo "2088"]
[BlackElo "2574"]
[Result "1-0"]
[Round "03"]
[TimeControl "180+2"]
[Date "2022.12.20"]
[WhiteClock "0:00:10"]
[BlackClock "0:00:20"]

1. e4 e5 2. Nf3 Nc6 3. Bc4 Nf6 4. Ng5 d5 5. exd5 Na5 6. Bb5+ Bd7 7. Qe2 Be7 8. Nc3 O-O 9. Nf3 Bxb5 10. Qxb5 c6 11. dxc6 Nxc6 12. O-O Nd4 13. Qxe5 Nxc2 14. Rb1 Bd6 15. Qf5 Nb4 16. d4 Re8 17. Bg5 Rc8 18. a3 Nc6 19. Rbd1 Be7 20. d5 Nb8 21. d6 Bxd6 22. Nb5 Rc5 23. Bxf6 Rxf5 24. Bxd8 Bc5 25. Nc3 Nc6 26. Bh4 h6 27. Bg3 Bb6 28. Rfe1 Rc8 29. Nd5 Kh7 30. Nxb6 axb6 31. Nd4 Nxd4 32. Rxd4 Rc2 33. Rb4 b5 34. a4 bxa4 35. Rxb7 Kg6 36. h4 Rd5 37. Re4 Rd1+ 38. Kh2 Rcc1 39. Bb8 f5 40. Re6+ Kh5 41. Kg3 Rc4 42. Rxg7 Rd2 43. Reg6 Rxb2 44. Bf4 Rxf4 45. Kxf4 Rxf2+ 46. Ke3 Rb2 47. g4+ fxg4 48. Rxg4 a3 49. Ra4 a2 50. Rga7 a1=Q 51. Rxa1 Kxh4 52. R1a5 Rb3+ 53. Kf2 Rb2+ 54. Kf3 Rb3+ 55. Ke2 Rb2+ 56. Kd3 h5 57. Rh7 Rb3+ 58. Kc4 Rf3 59. Raxh5+ Kg3 60. Rh3+ Kf2 61. Rxf3+ Kxf3 62. Re7 1-0


[Site "https://www.chess.com"]

[Event "Titled Tuesday Blitz December 20 Early 2022"]
[White "Brunstein, Sandrine"]
[Black "Sargsyan, Sargis Vach."]
[WhiteFideId "625574"]
[BlackFideId "13310810"]
[WhiteElo "1990"]
[BlackElo "2314"]
[Result "1-0"]
[Round "03"]
[TimeControl "180+2"]
[Date "2022.12.20"]
[WhiteClock "0:00:11"]
[BlackClock "0:00:04"]

1. e4 e6 2. d4 d5 3. Nd2 Nc6 4. Ngf3 Nf6 5. e5 Nd7 6. Bb5 a6 7. Be2 f6 8. exf6 Qxf6 9. c3 Bd6 10. Nf1 e5 11. dxe5 Ndxe5 12. Qxd5 Be6 13. Qe4 O-O-O 14. Bg5 Nxf3+ 15. Bxf3 Qxg5 16. Qxe6+ Kb8 17. Bxc6 bxc6 18. Ne3 Bc5 19. O-O Rd6 20. Qe4 Rf8 21. b4 Ba7 22. g3 Rd2 23. Rae1 Kb7 24. a4 h5 25. b5 axb5 26. axb5 Bb6 27. bxc6+ Kb8 28. Rb1 Qc5 29. Qc4 Qxc4 30. Nxc4 Rdxf2 31. Rxf2 Rxf2 32. Nxb6 cxb6 33. Kxf2 Kc7 34. Ke3 1-0


[Site "https://www.chess.com"]

[Event "Titled Tuesday Blitz December 20 Early 2022"]
[White "CDOEspiao"]
[Black "Benamar, Benious"]
[BlackFideId "45118841"]
[WhiteElo "2486"]
[BlackElo "1136"]
[Result "0-1"]
[Round "03"]
[TimeControl "180+2"]
[Date "2022.12.20"]
[WhiteClock "0:00:10"]
[BlackClock "0:00:04"]

1. Nf3 d5 2. g3 Nf6 3. Bg2 Bf5 4. O-O e6 5. d3 Be7 6. Nfd2 h6 7. e4 Bh7 8. Nc3 O-O 9. Qe2 c5 10. Kh1 Nc6 11. f4 Nd4 12. Qd1 Rc8 13. e5 Nd7 14. Nf3 Nc6 15. g4 d4 16. Ne4 Nb6 17. Qe1 Nd5 18. Qg3 Ncb4 19. Rf2 c4 20. g5 h5 21. Nh4 cxd3 22. cxd3 Nc2 23. Rb1 Nce3 24. Bxe3 Nxe3 25. Rg1 Nf5 26. Nxf5 Bxf5 27. Qh4 g6 28. Bh3 Qd5 29. Bg2 Qxa2 30. Bf3 Kg7 31. Ng3 Bxd3 32. Bxh5 Rh8 33. Qg4 Qd5+ 34. Rfg2 Be4 35. Nxe4 Qxe4 36. Qf3 Qxf3 37. Bxf3 b6 38. Rd1 Bc5 39. Rgd2 a5 40. Kg2 a4 41. Be4 Rc7 42. Kf1 Rh4 43. Rf2 Ra7 44. Ke2 a3 45. bxa3 Rxa3 46. Rd3 Ra1 47. Kf3 Rc1 48. Kg3 Rh8 49. Ra2 Rc3 50. Ra7 Rc8 51. Rb7 Rd8 52. h4 Ra8 53. h5 gxh5 54. g6 Rxd3+ 55. Bxd3 Ra3 56. Rxf7+ Kg8 57. Kh4 Rxd3 58. Kg5 Rg3+ 59. Kf6 d3 60. Rd7 Bf8 61. Rd8 h4 62. Rd7 h3 63. Rh7 d2 64. f5 exf5 65. e6 d1=Q 66. e7 Qd6+ 67. Kxf5 Qxg6+ 0-1


[Site "https://www.chess.com"]

[Event "Titled Tuesday Blitz December 20 Early 2022"]
[White "Canche Cab, Marco Alexei"]
[Black "PavelChernomordik"]
[WhiteFideId "5116139"]
[WhiteElo "2004"]
[BlackElo "2434"]
[Result "1-0"]
[Round "03"]
[TimeControl "180+2"]
[Date "2022.12.20"]
[WhiteClock "0:00:03"]
[BlackClock "0:00:05"]

1. d4 g6 2. e4 Bg7 3. Nf3 d6 4. Bc4 e6 5. Bb3 b6 6. O-O Bb7 7. Re1 Nd7 8. Nbd2 Ne7 9. Nf1 O-O 10. Ng3 c5 11. c3 Qc7 12. h4 Rac8 13. h5 cxd4 14. cxd4 Ba6 15. h6 Bh8 16. Bg5 Rfe8 17. Rc1 Qb7 18. Qd2 Nf6 19. Bxf6 Bxf6 20. e5 dxe5 21. dxe5 Bh8 22. Qg5 Nd5 23. Ne4 Rxc1 24. Rxc1 Qe7 25. Nd6 Qxg5 26. Nxg5 Rf8 27. Bxd5 exd5 28. f4 f6 29. Ne6 Rb8 30. Nc7 Bb7 31. Nxb7 Rxb7 32. Nxd5 fxe5 33. Rc8+ Kf7 34. Rxh8 Ke6 35. Nc3 exf4 36. Kf2 Kf5 37. Kf3 Rd7 38. Rf8+ Kg5 39. Ne4+ Kxh6 40. Rxf4 Rc7 41. Kg3 Kg7 42. Rf3 Rc2 43. Rf2 Rc4 44. Nd6 Rc6 45. Ne8+ Kg8 46. Nf6+ Kg7 47. Ne4 Rc4 48. Nc3 Rd4 49. Rf4 Rd2 50. Rf2 Rd3+ 51. Kf4 Rd6 52. Ke5 Rd7 53. Ne4 Re7+ 54. Kd5 Rd7+ 55. Nd6 h5 56. Kc6 Re7 57. Nc8 Re4 58. Nxa7 Re6+ 59. Kb5 h4 60. Nc6 g5 61. Kxb6 g4 62. a4 g3 63. Rf4 Re2 64. Rxh4 Rxb2+ 65. Kc5 Rxg2 66. Rg4+ Kf6 67. a5 Rc2+ 68. Kb6 g2 69. a6 Rb2+ 70. Kc7 Kf5 71. Rg8 Ra2 72. a7 Kf4 73. Rxg2 Rxg2 74. a8=Q Rg7+ 75. Kb6 1-0


[Site "https://www.chess.com"]

[Event "Titled Tuesday Blitz December 20 Early 2022"]
[White "CaptainCasanova"]
[Black "kidagent"]
[WhiteElo "2584"]
[BlackElo "2292"]
[Result "1-0"]
[Round "03"]
[TimeControl "180+2"]
[Date "2022.12.20"]
[WhiteClock "0:02:44"]
[BlackClock "0:01:26"]

1. g3 Nf6 2. Bg2 c5 3. Nh3 Nc6 4. f4 d5 5. d3 g6 6. Nf2 Bg7 7. c3 d4 8. O-O O-O 9. e4 dxe3 10. Bxe3 Qd6 11. Na3 b6 12. Nc4 Qd7 13. Ne5 Nxe5 14. Bxa8 Neg4 15. Nxg4 Nxg4 16. Qd2 Ba6 17. Be4 f5 18. Bf3 Qxd3 19. Qxd3 Bxd3 20. Rfd1 Nxe3 21. Rxd3 Nc4 22. Bd5+ 1-0


[Site "https://www.chess.com"]

[Event "Titled Tuesday Blitz December 20 Early 2022"]
[White "Carvalho, Heracles Elieser"]
[Black "Truequitos"]
[WhiteFideId "22751114"]
[WhiteElo "1895"]
[BlackElo "2536"]
[Result "0-1"]
[Round "03"]
[TimeControl "180+2"]
[Date "2022.12.20"]
[WhiteClock "0:01:31"]
[BlackClock "0:02:27"]

1. e4 e6 2. d4 d5 3. Nd2 c5 4. Ngf3 cxd4 5. Nxd4 Nf6 6. e5 Nfd7 7. f4 Nxe5 8. N2f3 Nxf3+ 9. Nxf3 Nc6 10. Be3 Qf6 11. Bd3 Bd6 12. O-O Bxf4 13. Bc5 Qxb2 14. Nd4 Be3+ 0-1


[Site "https://www.chess.com"]

[Event "Titled Tuesday Blitz December 20 Early 2022"]
[White "Castro Andrade, Seirbert Cristian"]
[Black "Xiong, Jeffery"]
[WhiteFideId "3863336"]
[BlackFideId "2047640"]
[WhiteElo "1364"]
[BlackElo "2692"]
[Result "1-0"]
[Round "03"]
[TimeControl "180+2"]
[Date "2022.12.20"]
[WhiteClock "0:00:29"]
[BlackClock "0:00:57"]

1. c4 e6 2. d4 d5 3. Nc3 Nf6 4. Nf3 dxc4 5. e4 b5 6. e5 Nd5 7. Nxb5 Nb6 8. Be2 Nc6 9. O-O Be7 10. Be3 Qd7 11. Rc1 O-O 12. Nc3 Bb7 13. b3 cxb3 14. axb3 Nb4 15. Qd2 Rfd8 16. Rfd1 N6d5 17. Nxd5 Bxd5 18. Rb1 Rab8 19. Ne1 Be4 20. Nd3 c5 21. Rbc1 cxd4 22. Nxb4 Rxb4 23. Rc4 Qb7 24. f3 Bg6 25. Bxd4 Rxb3 26. Qa5 Rb1 27. Rxb1 Qxb1+ 28. Kf2 Qh1 29. Bc5 Bh4+ 30. Rxh4 Rc8 31. Ba6 Rb8 32. Rb4 Re8 33. Bb5 Rc8 34. Bd7 1-0


[Site "https://www.chess.com"]

[Event "Titled Tuesday Blitz December 20 Early 2022"]
[White "Chesca, Alexandru"]
[Black "Forgacs, Gyula"]
[WhiteFideId "1214438"]
[BlackFideId "701203"]
[WhiteElo "1917"]
[BlackElo "2305"]
[Result "1-0"]
[Round "03"]
[TimeControl "180+2"]
[Date "2022.12.20"]
[WhiteClock "0:00:28"]
[BlackClock "0:00:01"]

1. Nf3 Nf6 2. c4 g6 3. Nc3 Bg7 4. g3 O-O 5. Bg2 d6 6. d4 Nc6 7. O-O e5 8. d5 Nb8 9. e4 a5 10. Ne1 Na6 11. Nd3 Nd7 12. a3 Ndc5 13. Nxc5 Nxc5 14. b3 Bd7 15. Rb1 b6 16. b4 axb4 17. axb4 Na4 18. Nxa4 Rxa4 19. Qc2 Qa8 20. c5 Ra2 21. Qc3 bxc5 22. bxc5 Rb8 23. Be3 Bb5 24. Rfc1 Ra3 25. Qe1 Bf8 26. cxd6 Bxd6 27. h4 Bd3 28. Rxb8+ Qxb8 29. Bh6 Qb2 30. Bf1 Bxf1 31. Qxf1 Qd4 32. Qb5 Rxg3+ 33. Kf1 Qd3+ 34. Qxd3 Rxd3 35. Rb1 f5 36. Rb8+ Kf7 37. Rh8 fxe4 38. Rxh7+ Kf6 39. Ke2 Rxd5 40. Be3 Ra5 41. Kf1 Ra1+ 42. Kg2 Ra2 43. Kg3 Ra3 44. Kg4 Rb3 45. Rh6 Kg7 46. h5 gxh5+ 47. Rxh5 Rb1 48. Kf5 Kf7 49. Rh7+ Kg8 50. Rd7 Rg1 51. Kxe4 Rg7 52. Rd8+ Kh7 53. Kd5 Kg6 54. Ke6 Rf7 55. Rg8+ Rg7 56. Rh8 Rh7 57. Ra8 Rg7 58. Ra4 Kh5 59. Ra1 Rg4 60. Kf5 Rh4 61. Ra8 1-0


[Site "https://www.chess.com"]

[Event "Titled Tuesday Blitz December 20 Early 2022"]
[White "ChessFanNM"]
[Black "Emily_Dawn"]
[WhiteElo "2395"]
[BlackElo "1878"]
[Result "1-0"]
[Round "03"]
[TimeControl "180+2"]
[Date "2022.12.20"]
[WhiteClock "0:01:53"]
[BlackClock "0:01:33"]

1. e4 e6 2. d4 d5 3. Nd2 Nf6 4. Bd3 c5 5. c3 Nc6 6. Ngf3 Be7 7. O-O O-O 8. e5 Nd7 9. Re1 Qb6 10. h4 cxd4 11. cxd4 Nxd4 12. Nxd4 Qxd4 13. Nf3 Qg4 14. Bxh7+ Kh8 15. Bc2 Bxh4 16. Nxh4 Qxh4 17. Re3 Kg8 18. Rh3 Qc4 19. Rh8+ Kxh8 20. Qh5+ Kg8 21. Qh7# 1-0


[Site "https://www.chess.com"]

[Event "Titled Tuesday Blitz December 20 Early 2022"]
[White "Chessmissile07"]
[Black "Aza, Saulo"]
[BlackFideId "4410394"]
[WhiteElo "2730"]
[BlackElo "1667"]
[Result "0-1"]
[Round "03"]
[TimeControl "180+2"]
[Date "2022.12.20"]
[WhiteClock "0:01:02"]
[BlackClock "0:00:20"]

1. e4 c5 2. Nc3 g6 3. d4 cxd4 4. Qxd4 Nf6 5. Nf3 Nc6 6. Qa4 d6 7. e5 dxe5 8. Nxe5 Bd7 9. Nxd7 Qxd7 10. Be3 Bg7 11. Rd1 Qc8 12. Bb5 O-O 13. Bxc6 Qxc6 14. Qxc6 bxc6 15. b3 e6 16. Na4 Nd5 17. Bc5 Rfb8 18. c4 Nb6 19. Bd6 Rd8 20. Nc5 Bc3+ 21. Ke2 Bb4 22. Nb7 Bxd6 23. Nxd6 Kf8 24. Nb7 Rdb8 25. Na5 Rc8 26. Rd6 c5 27. Rhd1 Ke7 28. g4 Nd5 29. Ra6 Nc3+ 30. Ke1 Nxd1 31. Kxd1 Kd7 32. Ke2 Rc7 33. g5 Rb8 34. b4 Rxb4 35. Kd3 Rb6 36. Rxb6 axb6 37. Nb3 Ra7 38. Nc1 Ra3+ 39. Ke4 Rh3 40. Nd3 Rxh2 41. Kf3 Rh3+ 42. Ke4 Rxd3 43. Kxd3 Ke7 44. Ke4 f6 45. f4 Kf7 46. a4 Ke7 47. Ke3 e5 48. gxf6+ Kxf6 49. Ke4 exf4 50. Kd5 f3 51. Kc6 f2 52. Kxb6 f1=Q 53. a5 Qxc4 54. a6 Qxa6+ 55. Kxa6 c4 56. Kb5 c3 57. Kc4 c2 58. Kd3 c1=Q 59. Ke4 Qg5 60. Kf3 h5 61. Ke4 Qf5+ 62. Ke3 h4 63. Kd4 g5 64. Ke3 g4 65. Kd4 g3 66. Ke3 h3 67. Ke2 g2 68. Kd2 h2 69. Ke2 h1=Q 70. Ke3 g1=Q+ 71. Kd2 Qhd5+ 72. Ke2 Qgg4+ 73. Ke1 Qge4# 0-1


[Site "https://www.chess.com"]

[Event "Titled Tuesday Blitz December 20 Early 2022"]
[White "Chesstrainer1"]
[Black "vovachesss"]
[WhiteElo "2467"]
[BlackElo "2756"]
[Result "0-1"]
[Round "03"]
[TimeControl "180+2"]
[Date "2022.12.20"]
[WhiteClock "0:00:06"]
[BlackClock "0:00:30"]

1. e4 Nf6 2. e5 Nd5 3. d4 d6 4. Bc4 Nb6 5. Bb3 dxe5 6. Qh5 e6 7. dxe5 c5 8. Na3 Nc6 9. Nf3 g6 10. Qg4 h5 11. Qg3 Nd4 12. Nxd4 Qxd4 13. c3 Qe4+ 14. Be3 Bg7 15. Bc2 Qxe5 16. Qxe5 Bxe5 17. Bxc5 Bd7 18. O-O-O Bc6 19. f3 Nd7 20. Be3 Ke7 21. Nc4 Bc7 22. a4 Rhd8 23. Bg5+ f6 24. Be3 Bd5 25. Bb3 b6 26. Rhe1 a6 27. h4 b5 28. axb5 axb5 29. Nd2 Ne5 30. Bc5+ Kf7 31. Bxd5 Nd3+ 32. Kb1 Rxd5 33. Re2 Nxc5 34. Kc2 Rad8 35. Ra1 Rxd2+ 36. Rxd2 Rxd2+ 0-1


[Site "https://www.chess.com"]

[Event "Titled Tuesday Blitz December 20 Early 2022"]
[White "Coda, Carlos"]
[Black "Badlyplayed"]
[WhiteFideId "110329"]
[WhiteElo "1971"]
[BlackElo "2262"]
[Result "1-0"]
[Round "03"]
[TimeControl "180+2"]
[Date "2022.12.20"]
[WhiteClock "0:00:58"]
[BlackClock "0:00:10"]

1. c4 g6 2. g3 Bg7 3. Bg2 e5 4. Nc3 d6 5. e4 f5 6. d3 Nf6 7. Nge2 O-O 8. O-O c6 9. h3 Be6 10. b3 a5 11. Be3 Qd7 12. Kh2 Na6 13. Qd2 Rae8 14. Rad1 d5 15. cxd5 cxd5 16. exd5 Nxd5 17. Bh6 f4 18. Bxg7 Kxg7 19. Ng1 Nab4 20. a3 Nc6 21. Rfe1 Nd4 22. Rxe5 fxg3+ 23. fxg3 Nxc3 24. Qxc3 Rf2 25. Re4 1-0


[Site "https://www.chess.com"]

[Event "Titled Tuesday Blitz December 20 Early 2022"]
[White "CristobalBlanco"]
[Black "Garma, Chito"]
[BlackFideId "5200342"]
[WhiteElo "2476"]
[BlackElo "2345"]
[Result "0-1"]
[Round "03"]
[TimeControl "180+2"]
[Date "2022.12.20"]
[WhiteClock "0:00:04"]
[BlackClock "0:01:25"]

1. e4 Nc6 2. Nf3 d6 3. d4 Nf6 4. Nc3 Bg4 5. Be3 e6 6. Be2 Be7 7. Qd2 O-O 8. O-O-O d5 9. e5 Ne4 10. Nxe4 dxe4 11. Ne1 Bxe2 12. Qxe2 Qd5 13. b3 Qa5 14. Kb1 Nb4 15. a4 Nd5 16. Bd2 Bb4 17. c4 Bxd2 18. Qxd2 Nb4 19. Nc2 Nc6 20. Qxa5 Nxa5 21. Kb2 f5 22. f4 exf3 23. gxf3 f4 24. Rhg1 Rad8 25. Rg4 c5 26. Rdg1 g6 27. dxc5 Nc6 28. Rg5 Rd2 29. R1g2 Rxg2 30. Rxg2 Nxe5 31. Nd4 Nd3+ 32. Kc3 Nxc5 33. b4 Nxa4+ 34. Kb3 Nb6 35. Nxe6 Re8 36. Re2 g5 37. Re5 h6 38. Re4 Kf7 39. Nc5 Rxe4 40. Nxe4 Nd7 41. Nd6+ Ke7 42. Nxb7 Ne5 43. c5 g4 44. Nd6 Nxf3 45. Nf5+ Ke6 46. Nxh6 g3 47. c6 gxh2 48. c7 Kd7 49. Ng4 h1=Q 0-1


[Site "https://www.chess.com"]